 Dungeon Crawl Stone Soup version 0.20.1-1-g8b1a95d (webtiles) character file.

18 polve the Changer (level 2, -2/21 HPs)
             Began as a Merfolk Transmuter on Aug 8, 2017.
             Slain by a jackal (3 damage)
             ... on level 1 of the Dungeon.
             The game lasted 00:00:56 (1308 turns).

polve the Changer (Merfolk Transmuter)              Turns: 1308, Time: 00:00:57

Health: -2/21      AC:  0    Str: 10    XL:     2   Next: 66%
Magic:  5/5        EV: 13    Int: 12    God:
Gold:   14         SH:  0    Dex: 14    Spells: 2/5 levels left

rFire    . . .     SeeInvis .     - Unarmed
rCold    . . .     Gourm    .   (no shield)
rNeg     . . .     Faith    .   b - +0 robe
rPois    .         Spirit   .   (no helmet)
rElec    .         Reflect  .   (no cloak)
rCorr    .         Harm     .   (no gloves)
MR       .....                  (no boots)
Stlth    +.........             (no amulet)
Regen    0.1/turn               e - -2 ring of protection (curse)
MPRegen  0.1/turn               (no ring)

@: no status effects
A: change form in water, swift swim, stealthy swim
a: no special abilities


You were on level 1 of the Dungeon.
You were not hungry.

You visited 1 branch of the dungeon, and saw 1 of its levels.

You collected 14 gold pieces.

Inventory:

Missiles
 a - 59 arrows (quivered)
Armour
 b - a +0 robe (worn)
Jewellery
 e - a cursed -2 ring of protection (left hand)
Scrolls
 h - a scroll of recharging
 m - a scroll of enchant weapon
Potions
 f - a potion of haste {unknown}
 l - 2 potions of flight {unknown}
Books
 c - a book of Changes

   Spells                             Type                      Level
   a - Beastly Appendage              Transmutation                1
   b - Sticks to Snakes               Transmutation                2
   c - Spider Form                    Transmutation/Poison         3
   d - Ice Form                       Ice/Transmutation            4
   e - Blade Hands                    Transmutation                5
Comestibles
 d - a bread ration
 j - 4 royal jellies


   Skills:
 - Level 1.1 Fighting
 - Level 2.6 Dodging
 - Level 3.2 Unarmed Combat
 - Level 2.0 Spellcasting
 + Level 4.2 Transmutations


You had 2 spell levels left.
You knew the following spells:

 Your Spells              Type           Power        Failure   Level  Hunger
a - Beastly Appendage     Tmut           ##....       4%          1    ##.....
b - Sticks to Snakes      Tmut           ##......     8%          2    ###....


Dungeon Overview and Level Annotations

Branches:
Dungeon (1/15)

Altars:


Message History

You hit the jackal but do no damage. The jackal closely misses you.
You closely miss the jackal. The jackal bites you.
* * * LOW HITPOINT WARNING * * *
You hit the jackal but do no damage.
You headbutt the jackal, but do no damage.
The jackal misses you. The jackal closely misses you.
You barely miss the jackal. Your headbutt misses the jackal.
The jackal bites you.
* * * LOW HITPOINT WARNING * * *
You hit the jackal but do no damage. Your headbutt misses the jackal.
The jackal barely misses you.
You barely miss the jackal. The jackal bites you.
* * * LOW HITPOINT WARNING * * *
The jackal bites you.
* * * LOW HITPOINT WARNING * * *
You barely miss the jackal. The jackal closely misses you.
You hit the jackal but do no damage.
Your horns disappear.
The jackal bites you.
You die...

#.#......# #.....
####.#.###'##### #.....
#....### #.....# .
#..... #.############.#
.. #..... #.# #.. #.#
... #..... #.# #.#
.##.# ..$. ###### #.#
#.# .##.# .....
#.#####.###.##"##g.....
#.#.........##.@hh.....
#.#.###....# ####......
#...)......# ..... ####
###.####...# #### #...
#.# #...# #.# #.## #.#
#...# #.# #.#
#.####...### #.# #.##
#..........# #.#
#####... #####......#
#.# #.....##


You could see 2 jackals and a hobgoblin.

Vanquished Creatures
  A dart slug (D:1)
  A leopard gecko (D:1)
  5 hobgoblins (D:1)
  2 jackals (D:1)
  A bat (D:1)
  2 kobolds (D:1)
  2 rats (D:1)
14 creatures vanquished.

Notes
Turn   | Place    | Note
-------+----------+-------------------------------------------
     0 | D:1      | polve the Merfolk Transmuter began the quest for the Orb.
     0 | D:1      | Reached XP level 1. HP: 15/15 MP: 3/3
    57 | D:1      | Reached skill level 3 in Transmutations
   509 | D:1      | Reached XP level 2. HP: 11/21 MP: 3/5
   832 | D:1      | Reached skill level 4 in Transmutations
   836 | D:1      | Learned a level 2 spell: Sticks to Snakes
  1306 | D:1      | HP: 1/21 [jackal (2)]
  1308 | D:1      | Slain by a jackal

Skill      XL: |  1  2 |
---------------+-------+-----
Transmutations | 3 4 |  4.2
Fighting       | |  1.1
Dodging        | |  2.6
Unarmed Combat | |  3.2
Spellcasting   | |  2.0

Action                   || total
-------------------------++-------
Melee: Unarmed           ||    64
       Headbutt          ||     7
 Cast: Beastly Appendage ||     9
  Use: Scroll            ||     3
  Eat: Chunk             ||     1
Armor: Robe              ||     2
Dodge: Dodged            ||    34
